 Dungeon Sprint DCSS version 0.29-a0-1006-g0dd7720b37 (webtiles) character file.

Game seed: 7862527736377010236

9436 mhtbhm the Ninja (level 11, -2/45 (67) HPs)
             Began as a Kobold Brigand on Aug 6, 2022.
             Was a High Priest of Dithmenos.
             Slain by a ghost moth (4 damage)
             ... in the Dungeon (Sprint IV: "Fedhas' Mad Dash").
             The game lasted 00:05:39 (2577 turns).

mhtbhm the Ninja (Kobold Brigand)                   Turns: 2577, Time: 00:05:39

HP:   -2/45 (67)    AC:  5    Str:  6 (9)  XL:     11   Next: 74%
MP:   11/19         EV: 18    Int:  9 (13) God:    Dithmenos [*****.]
Gold: 71            SH:  0    Dex: 18 (20) Spells: 10/10 levels left

rFire   . . .      SeeInvis .   a - +1 rapier (speed)
rCold   + . .      Faith    .   (no shield)
rNeg    + + +      Spirit   .   b - +1 robe {rC+}
rPois   ∞          Reflect  .   (no helmet)
rElec   .          Harm     .   c - +0 cloak
rCorr   .          Rampage  .   (no gloves)
Will    ∞          NoTele   +   g - +0 pair of boots Stlth !!!!!!!###
                                j - amulet of invisibility {+Inv}
HPRegen 0.15/turn               (no ring)
MPRegen 0.16/turn               (no ring)

@: shadow-form (expiring), very slightly contaminated, wreathed by umbra, very
heavily drained, invisible (expiring)
A: shadow resist, half damage, bleed smoke, invisible, small, no large weapons,
nightstalker 3
a: End Transformation, Renounce Religion, Evoke Invisibility, Shadow Step,
Shadow Form


You were in the Dungeon.
You worshipped Dithmenos.
Dithmenos was extremely pleased with you.
You were a swirling mass of dark shadows.
You visited 1 branch You collected 253 gold pieces.
You spent 182 gold pieces at shops.

Inventory:

Hand Weapons
 a - a +1 rapier of speed (weapon)
 r - a +1 rapier of venom
 s - a +2 antimagic rapier
Missiles
 d - 8 poisoned darts
 e - 3 curare-tipped darts (quivered)
Armour
 b - a +1 robe of cold resistance (worn)
 c - a +0 cloak (worn)
 g - a +0 pair of boots (worn)
Jewellery
 j - the amulet of invisibility (around neck) {+Inv}
   (You found it in the Dungeon)

   [amulet of nothing]

   +Inv:      It lets you turn invisible.
Wands
 l - a wand of polymorph (6)
 p - a wand of iceblast (9)
Scrolls
 k - a scroll of blinking
 o - a scroll of identify {unknown}
Potions
 f - a potion of curing
 i - 2 potions of magic
 m - a potion of might {unknown}
 q - a potion of mutation {unknown}
Miscellaneous
 n - a phial of floods


   Skills:
 + Level 7.3 Fighting
 + Level 11.6 Short Blades
 + Level 7.5 Throwing
 + Level 6.5 Dodging
 O Level 27 Stealth
 * Level 10.6 Invocations
 + Level 12.2 Evocations


You had 10 spell levels left.
You didn't know any spells.
Your spell library contained the following spells:

 Spells                   Type           Power      Damage    Failure   Level
 Beastly Appendage        Tmut           0%         N/A       38%         1
 Freeze                   Ice            0%         1d3       38%         1
 Wereblood                Tmut           0%         N/A       52%         2
 Frozen Ramparts          Ice            0%         1d1       77%         3
 Spider Form              Tmut/Pois      0%         N/A       77%         3
 Hailstorm                Conj/Ice       0%         3d3       99%         4
 Alistair's Intoxication  Tmut/Pois      0%         N/A       100%        5
 Borgnjor's Vile Clutch   Necr/Erth      0%         N/A       100%        5
 Iskenderun's Battlesphe  Conj           0%         2d6       100%        5
 Eringya's Noxious Bog    Tmut/Pois      0%         N/A       100%        6
 Iron Shot                Conj/Erth      0%         9d1       100%        6
 Spellforged Servitor     Conj/Summ      0%         N/A       100%        7


Dungeon Overview and Level Annotations

Branches:
Dungeon (1/1)

Altars:
Cheibriados
Dithmenos
Elyvilon
Gozag
Hepliaklqana
Kikubaaqudgha
Makhleb
Nemelex Xobeh
Okawaru
Qazlal
Ru
Sif Muna
Trog
Uskayaw
Vehumet
Wu Jian
Xom
Yredelemnul
Zin
The Shining One
Jiyva
Lugonu

Shops:
D [!!?(:((=[(


Innate Abilities, Weirdness & Mutations

You are a swirling mass of dark shadows.
You are immune to unholy torment and to willpower attacks.
Damage taken is halved, but you are drained when taking damage.
Your attacks are insubstantial and do half damage.
You bleed smoke when taking damage.
You are invisible.
You are immune to poison.
Your spellcasting is less reliable in this form.
You are small and have problems with some larger weapons.
You are completely attuned to the shadows.


Message History

Something hits you.
You emit a cloud of dark smoke.
You feel drained.
Something stings you but does no damage.
You hit something but do no damage. You punch something. You miss something.
Something hits you!
You emit a cloud of dark smoke.
You feel drained.
You feel dopey. Something hits you but does no damage. Something stings you.
You emit a cloud of dark smoke.
You feel drained.
You hit something but do no damage. You hit something but do no damage.
Your shadow completely misses something.
You hit something.
Your shadow barely misses something.
You barely miss something. Something hits you!
You emit a cloud of dark smoke.
You feel drained.
You feel weakened. Something barely misses you. Something stings you.
You feel dopey.
You hit something but do no damage. You closely miss something.
You hit something.
Your shadow hits something with a rapier.
You hit something. Something hits you.
You emit a cloud of dark smoke.
You feel drained. Something hits you!
You emit a cloud of dark smoke.
You feel drained. Something barely misses you.
You hit something but do no damage.
Your shadow hits something but does no damage.
You hit something but do no damage. Something hits you!
* * * LOW HITPOINT WARNING * * *
You emit a cloud of dark smoke.
You feel drained.
You feel dopey. Something hits you.
* * * LOW HITPOINT WARNING * * *
You emit a cloud of dark smoke.
You feel drained. Something stings you.
You miss something.
Your transformation is almost over.
You miss something. You miss something. Something hits you!
* * * LOW HITPOINT WARNING * * *
You emit a cloud of dark smoke.
You feel drained. Something hits you!
You die...

#...♣........'...#._.
#......♣.....#...####
#††...♣..♣..######♣♣♣
##'####'######..'....
#..#....'.......#♣..♣
#..#..###.......#.♣♣.
#####################
#§§§{§§§.............
#∩§§W§§..............
#§§§§§§§.....)......)
#§§§§§§..............
###########+#########


There were no monsters in sight!

Vanquished Creatures
  Agnes (D)
  A spriggan defender (D)
  A spriggan berserker (D)
  A spriggan druid (D)
  6 oklob plants (D)
  2 demonic crawlers (D)
  3 burning bushes (D)
  A queen bee (D)
  3 hornets (D)
  3 wandering mushrooms (D)
  7 spriggans (D)
  3 scorpions (D)
  4 killer bees (D)
  5 oklob saplings (D)
  A river rat (D)
  A rat (D)
  A ballistomycete spore (D)
44 creatures vanquished.

Vanquished Creatures (others)
  A ballistomycete spore (D)
1 creature vanquished.

Grand Total: 45 creatures vanquished

Notes
Turn   | Place    | Note
-------+----------+-------------------------------------------
     0 | D        | mhtbhm the Kobold Brigand began the quest for the Orb.
     0 | D        | Reached XP level 1. HP: 12/12 MP: 1/1
    22 | D        | Reached skill level 7 in Stealth
    22 | D        | Reached XP level 2. HP: 13/18 MP: 2/2
   120 | D        | Noticed a scorpion
   121 | D        | Noticed an oklob sapling
   138 | D        | Killed a scorpion
   139 | D        | Reached skill level 10 in Stealth
   139 | D        | Reached XP level 3. HP: 10/23 MP: 3/3
   139 | D        | Reached XP level 4. HP: 12/28 MP: 4/4
   432 | D        | Reached skill level 11 in Stealth
   434 | D        | Found the amulet of invisibility {+Inv}
   586 | D        | Found an opulent altar of Gozag.
   586 | D        | Found a sacrificial altar of Ru.
   587 | D        | Found a burning altar of Makhleb.
   587 | D        | Found an ornate altar of the Wu Jian Council.
   587 | D        | Found a shimmering altar of Xom.
   588 | D        | Found a hazy altar of Hepliaklqana.
   588 | D        | Found a shimmering blue altar of Sif Muna.
   589 | D        | Found a sparkling altar of Nemelex Xobeh.
   589 | D        | Found a snail-covered altar of Cheibriados.
   589 | D        | Found a basalt altar of Yredelemnul.
   590 | D        | Found a viscous altar of Jiyva.
   590 | D        | Found a bloodstained altar of Trog.
   590 | D        | Noticed an oklob sapling priest
   591 | D        | Found an iron altar of Okawaru.
   591 | D        | Found a shadowy altar of Dithmenos.
   591 | D        | Found a glowing silver altar of Zin.
   592 | D        | Found an ancient bone altar of Kikubaaqudgha.
   592 | D        | Found a hide-covered altar of Uskayaw.
   593 | D        | Found a stormy altar of Qazlal.
   593 | D        | Found a white marble altar of Elyvilon.
   593 | D        | Found a glowing golden altar of the Shining One.
   594 | D        | Killed an oklob sapling priest
   595 | D        | Reached skill level 5 in Short Blades
   595 | D        | Reached skill level 12 in Stealth
   595 | D        | Reached XP level 5. HP: 33/33 MP: 2/5
   595 | D        | Found a corrupted altar of Lugonu.
   595 | D        | Found a radiant altar of Vehumet.
   597 | D        | Became a worshipper of Dithmenos the Shadowed
   731 | D        | Reached skill level 13 in Stealth
   731 | D        | Reached skill level 1 in Evocations
   882 | D        | Reached XP level 6. HP: 38/38 MP: 3/6
  1020 | D        | Noticed a queen bee
  1024 | D        | Killed a queen bee
  1024 | D        | Reached * piety under Dithmenos
  1025 | D        | Reached skill level 5 in Throwing
  1025 | D        | Reached skill level 16 in Stealth
  1025 | D        | Reached XP level 7. HP: 44/44 MP: 4/7
  1027 | D        | Reached skill level 5 in Fighting
  1029 | D        | Reached skill level 5 in Evocations
  1029 | D        | Reached ** piety under Dithmenos
  1030 | D        | Reached skill level 17 in Stealth
  1031 | D        | Noticed an oklob plant
  1034 | D        | Killed an oklob plant
  1035 | D        | Reached skill level 18 in Stealth
  1035 | D        | Reached XP level 8. HP: 50/50 MP: 5/8
  1063 | D        | Noticed a burning bush
  1066 | D        | Killed a burning bush
  1067 | D        | Reached skill level 19 in Stealth
  1082 | D        | Noticed a burning bush
  1084 | D        | Killed a burning bush
  1084 | D        | Reached *** piety under Dithmenos
  1085 | D        | Reached skill level 20 in Stealth
  1085 | D        | Reached XP level 9. HP: 55/55 MP: 6/10
  1085 | D        | Noticed an oklob plant
  1087 | D        | Noticed a wandering mushroom
  1089 | D        | Killed an oklob plant
  1093 | D        | Killed a wandering mushroom
  1133 | D        | Noticed a spriggan druid
  1134 | D        | Killed a spriggan druid
  1134 | D        | Reached **** piety under Dithmenos
  1135 | D        | Reached skill level 21 in Stealth
  1135 | D        | Reached skill level 5 in Invocations
  1150 | D        | Noticed an oklob plant conjurer
  1151 | D        | Killed an oklob plant conjurer
  1152 | D        | Reached skill level 22 in Stealth
  1152 | D        | Reached XP level 10. HP: 60/60 MP: 14/14
  1222 | D        | Noticed an oklob plant
  1223 | D        | Noticed an oklob plant summoner
  1225 | D        | Noticed an oklob plant shifter
  1226 | D        | Killed an oklob plant
  1229 | D        | Killed an oklob plant summoner
  1230 | D        | Reached skill level 10 in Evocations
  1231 | D        | Killed an oklob plant shifter
  1232 | D        | Reached skill level 10 in Short Blades
  1232 | D        | Reached skill level 23 in Stealth
  1234 | D        | Noticed a demonic crawler
  1236 | D        | Killed a demonic crawler
  1236 | D        | Reached ***** piety under Dithmenos
  1261 | D        | Noticed a spriggan rider
  1261 | D        | Found Qusos's Weapon Shoppe.
  1261 | D        | Found Haef's Armour Emporium.
  1265 | D        | Killed a spriggan rider
  1266 | D        | Reached skill level 24 in Stealth
  1272 | D        | Identified the +3 hand axe "Kawecu" {drain, rCorr Dex+4}
  1578 | D        | Found Wiosch's Weapon Shop.
  1578 | D        | Found Vughaomp's Magic Scroll Emporium.
  1611 | D        | Reached XP level 11. HP: 44/66 MP: 15/17
  2079 | D        | Found Jaumiposug's Antique Weapon Shoppe.
  2080 | D        | Found Takux's Jewellery Emporium.
  2161 | D        | Bought a runed rapier for 182 gold pieces
  2184 | D        | Reached ****** piety under Dithmenos
  2185 | D        | Reached skill level 25 in Stealth
  2363 | D        | Noticed a spriggan berserker
  2363 | D        | Noticed Agnes
  2365 | D        | Killed a spriggan berserker
  2366 | D        | Reached skill level 5 in Dodging
  2369 | D        | Killed Agnes
  2370 | D        | Reached skill level 26 in Stealth
  2370 | D        | Found Waqozere's Book Emporium.
  2390 | D        | Found Hixkan's Antique Weapon Shoppe.
  2393 | D        | Noticed a spriggan defender
  2395 | D        | Killed a spriggan defender
  2396 | D        | Reached skill level 10 in Invocations
  2422 | D        | Noticed a spriggan rider
  2424 | D        | Killed a spriggan rider
  2539 | D        | Found Vuxon's Distillery.
  2539 | D        | Found Rorel's Distillery.
  2539 | D        | Found Coid Tie's Armour Shoppe.
  2544 | D        | Reached skill level 27 in Stealth
  2577 | D        | HP: 2/47 [something (8)]
  2577 | D        | Slain by a ghost moth

Illustrated notes

Levels and vault maps discovered:
D:        dungeon_sprint_fedhas [sprint_temple]

Skill      XL: |  1  2  3  4  5  6  7  8  9 10 11 |
---------------+----------------------------------+-----
Short Blades   | 3 4 5 6 8 9 10 11 | 11.6
Stealth        | 7 10 12 13 16 18 20 22 24 27 | 27.0
Fighting       | 3 4 5 6 7 |  7.3
Throwing       | 3 4 5 6 7 |  7.5
Dodging        | 2 3 4 6 |  6.5
Evocations     | 1 4 6 7 9 11 12 | 12.2
Invocations    | 2 5 8 10 | 10.6

Action                   |  1- 3 |  4- 6 |  7- 9 | 10-12 || total
-------------------------+-------+-------+-------+-------++-------
Melee: Dagger            |    16 |     5 |    12 |    48 ||    81
       Rapier            |       |       |       |    50 ||    50
       Punch             |       |       |       |     2 ||     2
Throw: Dart              |     3 |       |       |     1 ||     4
Invok: Shadow Step       |       |       |       |     5 ||     5
       Shadow Form       |       |       |       |     1 ||     1
 Abil: Evoke Invisibilit |       |     4 |     1 |     3 ||     8
  Use: Potion            |     2 |     1 |       |     1 ||     4
 Stab: Sleeping          |     1 |     4 |    12 |    17 ||    34
       Invisible         |       |       |       |     3 ||     3
Armor: Robe              |     3 |       |       |     5 ||     8
Dodge: Dodged            |     6 |       |       |    22 ||    28

Table legend: (Time is in decaauts)
 A = Elapsed time spent in this place.
 B = Non-inter-level travel time spent in this place.
 C = Inter-level travel time spent in this place.
 D = Time resting spent in this place.
 E = Time spent auto-exploring this place.
 F = Levels seen in this place.
 G = Mean time per level.
                   A        B        C        D        E       F      G
               +--------+--------+--------+--------+--------+-----+--------+
         Total |   2507 |   2458 |     49 |   1802 |     71 |   1 | 2507.0 |
       Dungeon |   2507 |   2458 |     49 |   1802 |     71 |   1 | 2507.0 |
               +--------+--------+--------+--------+--------+-----+--------+

Top non-repeatable levels by time:
       D: 2507 daAuts
